 Dungeon Crawl Stone Soup version 0.26.1-2-gb8aa6d0cf2 (webtiles) character file.

Game seed: 1510693525629206628

14381 smokedtuna the Schismatic (level 11, -21/85 HPs)
             Began as a Demonspawn Abyssal Knight on Mar 30, 2021.
             Was an Elder of Lugonu.
             Blown up by a lich (44 damage)
             ... with a wavering orb of destruction
             ... on level 1 of the Abyss.
             The game lasted 01:09:00 (14172 turns).

smokedtuna the Schismatic (DsAK)                   Turns: 14172, Time: 01:09:01

Health: -21/85     AC:  7    Str: 15    XL:     11   Next: 88%
Magic:  20/20      EV: 27    Int: 14    God:    Lugonu [****..]
Gold:   571        SH:  7    Dex: 13    Spells: 16/16 levels left

rFire    + . .     SeeInvis +   L - +2 scimitar (drain)
rCold    . . .     Faith    .   G - +0 kite shield
rNeg     . . .     Spirit   .   p - +1 ring mail {rF+}
rPois    +         Reflect  .   (no helmet)
rElec    .         Harm     .   (no cloak)
rCorr    .         Rampage  .   (no gloves)
Will     .....                  (no boots)
Stlth    +.........             l - amulet of the acrobat
HPRegen  0.24/turn              z - ring of see invisible
MPRegen  0.17/turn              q - ring of poison resistance

@: acrobat
A: talons 2, demonic guardian 2, spiny 2, sturdy frame 2
a: Renounce Religion, Depart the Abyss, Bend Space, Banish, Corrupt


You were on level 1 of the Abyss.
You worshipped Lugonu.
Lugonu was greatly pleased with you.
You visited 1 branch of the dungeon, and saw 12 of its levels.
You visited the Abyss 2 times.

You collected 571 gold pieces.

Inventory:

Hand Weapons
 F - a +4 flail
 L - a +2 scimitar of draining (weapon)
Missiles
 g - 4 silver javelins
 J - 7 throwing nets
 M - 6 javelins
Armour
 b - a +0 leather armour
 h - a +0 scale mail
 p - a +1 ring mail of fire resistance (worn)
 G - a +0 kite shield (worn)
 I - a +0 troll leather armour
Jewellery
 i - a cursed ring of attention {unknown}
 l - an amulet of the acrobat (around neck)
 q - a ring of poison resistance (right hand)
 z - a ring of see invisible (left hand)
 B - a +4 ring of protection {unknown}
 O - an uncursed ring of positive energy {unknown}
 R - a +4 ring of slaying {unknown}
Wands
 y - a wand of flame (25)
 N - a wand of digging (6)
Scrolls
 c - 4 scrolls of remove curse
 f - 2 scrolls of magic mapping
 k - 5 scrolls of teleportation
 m - a scroll of immolation {unknown}
 r - a scroll of amnesia {unknown}
 s - 2 scrolls of enchant weapon {unknown}
 t - 3 scrolls of enchant armour {unknown}
 v - a scroll of fog
 w - 2 scrolls of blinking {unknown}
 A - 3 scrolls of random uselessness {unknown}
 D - 6 scrolls of identify
 H - a scroll of silence {unknown}
 P - a scroll of fear {unknown}
Potions
 a - 2 potions of magic
 d - 7 potions of heal wounds
 e - 3 potions of haste
 j - 2 potions of flight
 n - 2 potions of cancellation {unknown}
 o - a potion of might {unknown}
 u - 3 potions of attraction {unknown}
 x - 2 potions of curing {unknown}
 C - a potion of ambrosia {unknown}
 E - a potion of degeneration {unknown}
 K - a potion of berserk rage
 Q - 2 potions of resistance


   Skills:
 + Level 7.7 Fighting
 - Level 3.7(5.3) Short Blades
 * Level 5.7(6.3) Long Blades
 - Level 5.4 Maces & Flails
 + Level 8.3 Armour
 + Level 6.6 Dodging
 + Level 3.1 Spellcasting
 + Level 12.4 Invocations


You had 16 spell levels left.
You didn't know any spells.
Your spell library contained the following spells:

 Spells                   Type           Power        Failure   Level
 Cause Fear               Hex            1%           100%        4
 Silence                  Hex/Air        1%           100%        5
 Yara's Violent Unravell  Hex/Tmut       1%           100%        5
 Discord                  Hex            1%           100%        8


Dungeon Overview and Level Annotations

Branches:
Dungeon (12/15)            Temple (0/1) D:5            Lair (0/6) D:9
    Orc (0/2) D:11

Altars:
Gozag
Qazlal
Trog
Vehumet
Xom

Annotations:
D:3 Sigmund
D:5 3 runed translucent doors, corrupted, Tirrikindir's ghost, novice OpBr
D:8 Erica; Gastronok
D:9 1 transporter


Innate Abilities, Weirdness & Mutations

You have razor-sharp toenails.
A demonic guardian rushes to your aid.
You are mostly covered in sharp spines.
Your movements are less encumbered by armour. (ER -4)


Message History

Your sixfirhy misses the lich.
Your sixfirhy hits the lich but does no damage.
Your sixfirhy barely misses the lich.
Your sixfirhy hits the lich but does no damage.
The lich conjures a glowing orb.
The wavering orb of destruction weakly hits your sixfirhy!!!
Your sixfirhy is blown up!
A lich is nearby!
The lich points at you and mumbles some strange words.
The bolt of lightning misses you.
Found a glowing cloak.
You start resting.
A lich is nearby!
Found a scroll of magic mapping.
You start resting.
A lich is nearby!
The lich conjures a glowing orb.
The wavering orb of destruction weakly hits you!!!
Ouch! That really hurt!
You die...

#..# . #..#
..#######..######
.............. ..
........# ##.#..
........#
........###
...$.....L###
#.......##@.#
....... #.3#
...............?..
# .#..#...#[...#..
...#.#.... ##..#
.....##... .## .#
###. # .. ..


You could see a lich and a friendly sixfirhy (summoned).

Vanquished Creatures
  A boulder beetle (D:11)
  A two-headed ogre (D:9)
  An unseen horror (D:11)
  Maggie (D:8)
  A troll (D:12)
  Prince Ribbit (D:8)
  A wraith (D:11)
  A shadow (D:12)
  A steam dragon (D:9)
  4 vampire mosquitoes (D:11)
  A basilisk (D:12)
  Grum (D:8)
  2 water moccasins
  A sky beast (D:10)
  3 ice beasts
  A black bear (D:8)
  4 ogres
  2 orc warriors
  2 wolves (D:8)
  A phantom (D:9)
  4 centaurs
  A lemure (D:8)
  8 bullfrogs
  3 big kobolds
  2 scorpions
  8 killer bees
  16 wights
  A howler monkey (D:9)
  A bullfrog zombie (D:12)
  4 hounds
  4 jellies
  2 gnoll shamans
  9 orc wizards
  3 orc priests
  2 bullfrog skeletons
  3 centaur skeletons
  Terence (D:2)
  3 iguanas
  A hell rat (D:9)
  4 worker ants
  2 hound skeletons (D:4)
  23 gnolls
  10 adders
  A shadow imp (D:10)
  6 white imps
  An ufetubus (D:7)
  An ooze (D:3)
  3 worms
  An adder skeleton (D:4)
  2 dart slugs
  2 leopard geckos
  27 orcs
  6 giant cockroaches
  6 hobgoblins
  23 jackals
  4 quokkas
  2 ball pythons
  7 bats
  A frilled lizard (D:2)
  10 goblins
  A jackal skeleton (D:4)
  16 kobolds
  A quokka skeleton (D:5)
  6 rats
273 creatures vanquished.

Vanquished Creatures (collateral kills)
  Harold (D:7)
  A boulder beetle (D:11)
  3 two-headed ogres
  3 death yaks (D:9)
  Nergalle (D:12)
  Pikel (D:8)
  2 cyclopes
  2 manticores (D:12)
  An ugly thing (D:11)
  2 red devils (D:9)
  A troll (D:9)
  A black bear (D:8)
  2 ogres
  A wolf (D:8)
  2 lemures (D:8)
  A scorpion (D:5)
  3 killer bees (D:9)
  3 wights
  A hound (D:9)
  4 gnolls (D:5)
  6 orcs
  2 jackals (D:9)
44 creatures vanquished.

Vanquished Creatures (others)
  A wizard (D:3)
  A gnoll sergeant (D:5)
  A bullfrog skeleton (D:8)
  15 gnolls (D:5)
  A bush (D:11)
  2 plants (D:5)
  2 starspawn tentacles (D:5)
23 creatures vanquished.

Grand Total: 340 creatures vanquished

Notes
Turn   | Place    | Note
-------+----------+-------------------------------------------
     0 | Abyss:1  | smokedtuna the Demonspawn Abyssal Knight began the quest
                  | for the Orb.
     0 | Abyss:1  | Reached XP level 1. HP: 18/18 MP: 2/2
    97 | Abyss:1  | Noticed a small abomination
   102 | D:1      | Escaped the Abyss
   491 | D:1      | Reached skill level 1 in Dodging
   551 | D:1      | Reached * piety under Lugonu
   739 | D:1      | Gained mutation: You are partially covered in sharp spines.
                  | [demonic ancestry]
   739 | D:1      | Reached XP level 2. HP: 24/24 MP: 4/4
   788 | D:1      | Reached skill level 3 in Invocations
  1245 | D:2      | Noticed Terence
  1269 | D:2      | Gained mutation: A weak demonic guardian rushes to your
                  | aid. [demonic ancestry]
  1269 | D:2      | Reached XP level 3. HP: 27/29 MP: 5/5
  1285 | D:2      | Killed Terence
  1441 | D:2      | Reached skill level 4 in Invocations
  1463 | D:2      | Reached ** piety under Lugonu
  1517 | D:2      | Reached XP level 4. HP: 35/35 MP: 7/7
  1833 | D:3      | Noticed Sigmund
  1885 | D:3      | Found a bloodstained altar of Trog.
  1888 | D:3      | Noticed a wizard
  1894 | D:3      | Killed a wizard
  2457 | D:3      | Reached XP level 5. HP: 37/42 MP: 8/8
  2841 | D:4      | Reached skill level 5 in Invocations
  2928 | D:4      | Gained mutation: Your movements are slightly less
                  | encumbered by armour. (ER -2) [demonic ancestry]
  2928 | D:4      | Reached XP level 6. HP: 46/48 MP: 10/10
  2950 | D:4      | Found a shimmering altar of Xom.
  3135 | D:4      | Reached *** piety under Lugonu
  3443 | D:5      | Entered Level 5 of the Dungeon
  3499 | D:5      | Found a staircase to the Ecumenical Temple.
  3895 | D:5      | Found a runed translucent gate.
  3896 | D:5      | Found a runed translucent gate.
  3896 | D:5      | Found a runed translucent gate.
  3896 | D:5      | Found an opulent altar of Gozag.
  3897 | D:5      | Noticed Tirrikindir's ghost (novice OpBr)
  3923 | D:5      | Reached skill level 6 in Invocations
  4259 | D:5      | Gained mutation: You have sharp toenails. [demonic
                  | ancestry]
  4259 | D:5      | Reached XP level 7. HP: 30/54 MP: 11/11
  5858 | D:5      | Reached **** piety under Lugonu
  5859 | D:5      | Reached skill level 7 in Invocations
  6201 | D:5      | Corrupted D:5
  6201 | D:5      | Noticed a tentacled starspawn
  6201 | D:5      | Noticed a small abomination
  6201 | D:5      | Noticed a ynoxinul
  6201 | D:5      | Noticed a thrashing horror
  6201 | D:5      | Noticed a smoke demon
  6201 | D:5      | Noticed a wraith
  6201 | D:5      | Noticed a neqoxec
  6201 | D:5      | Noticed a neqoxec
  6201 | D:5      | Noticed a raiju
  6201 | D:5      | Noticed a yellow draconian shifter
  6201 | D:5      | Noticed a large abomination
  6201 | D:5      | Noticed a red devil
  6202 | D:5      | Noticed a neqoxec
  6203 | D:5      | Noticed a starcursed mass
  6203 | D:5      | Noticed a starcursed mass
  6203 | D:5      | Noticed a tentacled starspawn
  6207 | D:5      | Noticed a shadow
  6208 | D:5      | Noticed an apocalypse crab
  6214 | D:5      | Noticed a tentacled starspawn
  6746 | D:6      | You fall into a shaft and drop 3 floors!
  6747 | D:9      | Found a radiant altar of Vehumet.
  6747 | D:9      | Noticed a troll
  6819 | D:9      | Noticed a death yak
  6821 | D:9      | Noticed a death yak
  6826 | D:9      | Noticed a death yak
  6830 | D:9      | Gained mutation: A demonic guardian rushes to your aid.
                  | [demonic ancestry]
  6830 | D:9      | Reached XP level 8. HP: 9/61 MP: 13/13
  6832 | D:9      | HP: 3/61 [poisoned by a killer bee]
  6911 | D:9      | Noticed a two-headed ogre
  6917 | D:9      | Killed a two-headed ogre
  6918 | D:9      | Reached skill level 1 in Maces & Flails
  7187 | D:9      | Reached skill level 5 in Fighting
  7187 | D:9      | Reached skill level 8 in Invocations
  7197 | D:9      | Found a transporter.
  7285 | D:9      | Killed a death yak
  7338 | D:9      | Killed a death yak
  7339 | D:9      | Reached skill level 5 in Armour
  7339 | D:9      | Reached skill level 9 in Invocations
  7339 | D:9      | Gained mutation: You are mostly covered in sharp spines.
                  | [demonic ancestry]
  7339 | D:9      | Reached XP level 9. HP: 21/68 MP: 15/15
  7345 | D:9      | Killed a death yak
  7862 | D:9      | Killed a troll
  7874 | D:9      | Found a staircase to the Lair.
  7920 | D:9      | Noticed a two-headed ogre
  7935 | D:9      | Killed a two-headed ogre
  7944 | D:9      | Noticed a two-headed ogre
  7957 | D:9      | Killed a two-headed ogre
  7958 | D:9      | Reached skill level 5 in Maces & Flails
  7958 | D:9      | Reached skill level 10 in Invocations
  7958 | D:9      | Gained mutation: Your movements are less encumbered by
                  | armour. (ER -4) [demonic ancestry]
  7958 | D:9      | Reached XP level 10. HP: 71/76 MP: 17/17
  8019 | D:9      | Reached skill level 5 in Dodging
  8308 | D:9      | Noticed an orange demon
  8459 | D:8      | Noticed Maggie
  8465 | D:8      | Killed Maggie
  8625 | D:8      | Noticed Prince Ribbit
  8634 | D:8      | Killed Prince Ribbit
  8665 | D:8      | Noticed Pikel
  8675 | D:8      | Killed Pikel
  8676 | D:8      | Reached skill level 1 in Long Blades
  8816 | D:8      | Found a stormy altar of Qazlal.
  8915 | D:8      | Noticed Grum
  8919 | D:8      | Reached skill level 11 in Invocations
  8922 | D:8      | Killed Grum
  8970 | D:8      | Noticed Erica
  8976 | D:8      | Noticed Gastronok
  9326 | D:7      | Noticed Harold
  9335 | D:7      | Killed Harold
 10505 | D:10     | Entered Level 10 of the Dungeon
 10774 | D:10     | Noticed a cyclops
 10778 | D:10     | Killed a cyclops
 10778 | D:10     | Reached ***** piety under Lugonu
 11216 | D:10     | Gained mutation: You have razor-sharp toenails. [demonic
                  | ancestry]
 11216 | D:10     | Reached XP level 11. HP: 75/81 MP: 19/19
 11293 | D:10     | Noticed a two-headed ogre
 11298 | D:10     | Killed a two-headed ogre
 11331 | D:10     | Reached skill level 1 in Spellcasting
 12129 | D:11     | Noticed a boulder beetle
 12148 | D:11     | Killed a boulder beetle
 12171 | D:11     | Noticed an unseen horror
 12175 | D:11     | Killed an unseen horror
 12290 | D:11     | Found a staircase to the Orcish Mines.
 12290 | D:11     | Noticed a boulder beetle
 12299 | D:11     | Killed a boulder beetle
 12300 | D:11     | Reached skill level 12 in Invocations
 12750 | D:11     | Noticed a purple ugly thing
 12758 | D:11     | Killed a purple ugly thing
 12826 | D:11     | Reached skill level 5 in Long Blades
 13588 | D:12     | Noticed Nergalle
 13605 | D:12     | Killed Nergalle
 14048 | D:12     | Noticed a catoblepas
 14049 | D:12     | Noticed a catoblepas
 14152 | Abyss:1  | Noticed a lich
 14153 | Abyss:1  | Paralysed by a lich for 3 turns
 14172 | Abyss:1  | Blown up by a lich

Illustrated notes

Levels and vault maps discovered:
D:1:      psy_arrival_dodecagon, layout_loops_corners
D:2:      layout_basic, corexii_leaking_fountain, uniq_terence
D:3:      layout_basic, trog_wizard, uniq_sigmund
D:4:      layout_rooms, overflow_temple_1_default, serial_park_tiny_pond
D:5:      lemuel_castle_with_subvaults [lemuel_castle_interior_carwin_3],
          layout_loops_ring, temple_green, ebering_ghost_gozag,
          minmay_misc_feat_rows, kennysheep_generic_room_2
D:6:      minmay_recursive_quarters, layout_loops_ring, minivault_23,
          amcnicky_mini_corridor_feature
D:7:      layout_basic, uniq_harold
D:8:      old_forge, layout_layer_cave, lemuel_blue_sif_altar,
          nicolae_qazlal_style_of_elements, serial_shops, shop, uniq_erica,
          uniq_gastronok, uniq_maggie, uniq_pikel, uniq_prince_ribbit1,
          uniq_grum
D:9:      gammafunk_cloud_chamber, layout_loops_ring, vehumet_crystals,
          dpeg_lair_monsters, lemuel_hellish_altar
D:10:     layout_cave_pods
D:11:     layout_stronghold, orc_0_dummy, kb_lookout_dungeons_type
D:12:     nzn_motion_control, layout_long_grid, uniq_nergalle
Abyss:1:  base: Temple, base: Temple, base:
D:11

Skill      XL: |  1  2  3  4  5  6  7  8  9 10 11 |
---------------+----------------------------------+-----
Dodging        | 1 2 3 4 5 6 |  6.6
Invocations    | 3 4 5 6 7 9 10 11 12 | 12.4
Short Blades   | 2 3 |  3.7
Fighting       | 4 5 6 7 |  7.7
Armour         | 2 3 5 6 7 8 |  8.3
Maces & Flails | 3 5 |  5.4
Long Blades    | 3 5 |  5.7
Spellcasting   | 3 |  3.1

Action                   |  1- 3 |  4- 6 |  7- 9 | 10-12 || total
-------------------------+-------+-------+-------+-------++-------
Melee: Short sword       |    91 |   216 |   105 |       ||   412
       Kick              |       |       |    48 |   103 ||   151
       Flail             |       |       |    41 |    36 ||    77
       Scimitar          |       |       |       |   289 ||   289
Invok: Depart the Abyss  |     1 |       |       |       ||     1
       Corrupt           |       |       |     1 |       ||     1
       Bend Space        |       |       |       |     1 ||     1
       Enter the Abyss   |       |       |       |     1 ||     1
  Use: Scroll            |       |     4 |     3 |     3 ||    10
       Potion            |       |       |     3 |       ||     3
 Stab: Distracted        |       |     1 |       |     1 ||     2
Armor: Scale mail        |    20 |    59 |    28 |       ||   107
       Leather armour    |     6 |       |       |       ||     6
       Ring mail         |       |       |     3 |    52 ||    55
Dodge: Dodged            |    29 |    89 |    88 |   270 ||   476
Block: Kite shield       |       |       |       |    17 ||    17
       Rpst.: Scimitar   |       |       |       |    82 ||    82
